| TOP OF THE 1ST |
|
Omaha Storm Chasers batting - Pitching for Durham Bulls : RHP Miguel Romero
|
|
Pitching: RHP Miguel Romero
|
|
|
Batting: RHB Kevin Wimberly
|
0-0: Called Strike 0-1: Swinging Strike 0-2: Strikes out swinging
|
|
Batting: SHB Ryoji Hiraoka
|
0-0: Swinging Strike 0-1: Fly out, F8 (Flyball, 89M, EV 88.8 MPH)
|
|
Batting: LHB Bill Baconneck
|
0-0: Foul Ball, location: 2F 0-1: Swinging Strike 0-2: Ball 1-2: Ball 2-2: Ground out U3 (Groundball, 3, EV 83.8 MPH)
|
| Top of the 1st over - 0 runs, 0 hits, 0 errors, 0 left on base; Omaha 0 - Durham 0 |
| BOTTOM OF THE 1ST |
|
Durham Bulls batting - Pitching for Omaha Storm Chasers : RHP Matthew Orphan
|
|
Pitching: RHP Matthew Orphan
|
|
|
Batting: RHB Sesto Carpini
|
0-0: Called Strike 0-1: Foul Ball, location: 2F 0-2: Ball 1-2: Ball 2-2: Ground out 5-3 (Groundball, 56S, EV 85.0 MPH)
|
|
Batting: RHB Jose Arriola
|
0-0: Called Strike 0-1: Ball 1-1: Ball 2-1: Ball 3-1: Base on Balls
|
|
Batting: LHB Darryl Gonnella
|
0-0: Swinging Strike 0-1: Foul Ball, location: 2F 0-2: Strikes out swinging
|
|
Batting: RHB James Huddleston
|
0-0: Called Strike 0-1: Ball 1-1: SINGLE (Line Drive, 78S, EV 93.8 MPH) Jose Arriola to second Runner from 2nd tries for 3rd, OUT! 7-5
|
| Bottom of the 1st over - 0 runs, 1 hit, 0 errors, 1 left on base; Omaha 0 - Durham 0 |
| TOP OF THE 2ND |
|
Omaha Storm Chasers batting - Pitching for Durham Bulls : RHP Miguel Romero
|
|
Batting: RHB Kazuki Arai
|
0-0: Called Strike 0-1: Called Strike 0-2: Ball 1-2: Ball 2-2: Ball 3-2: Ground out 6-3 (Groundball, P, EV 83.1 MPH)
|
|
Batting: SHB Mike Williams
|
0-0: Called Strike 0-1: Ground out U3 (Groundball, 3, EV 78.1 MPH)
|
|
Batting: RHB Taisei Fujii
|
0-0: Called Strike 0-1: Ground out 2-3 (Groundball, 15S, EV 67.5 MPH)
|
| Top of the 2nd over - 0 runs, 0 hits, 0 errors, 0 left on base; Omaha 0 - Durham 0 |
| BOTTOM OF THE 2ND |
|
Durham Bulls batting - Pitching for Omaha Storm Chasers : RHP Matthew Orphan
|
|
Batting: LHB Davion Lewis
|
0-0: TRIPLE (Groundball, 3L, EV 103.1 MPH)
|
|
Batting: RHB Chris Thorson
|
0-0: Ball 1-0: Foul Ball, location: 2F 1-1: Foul Ball, location: 2F 1-2: Ball 2-2: Strikes out swinging
|
|
Batting: SHB Julio Hernandez
|
0-0: Ground out U3 (Groundball, 3, EV 81.2 MPH)
|
|
Batting: RHB Roberto Aispuro
|
0-0: Called Strike 0-1: Ball 1-1: Ball 2-1: Ball 3-1: Called Strike 3-2: Strikes out looking
|
| Bottom of the 2nd over - 0 runs, 1 hit, 0 errors, 1 left on base; Omaha 0 - Durham 0 |
| TOP OF THE 3RD |
|
Omaha Storm Chasers batting - Pitching for Durham Bulls : RHP Miguel Romero
|
|
Batting: SHB Bill Ertl
|
0-0: Swinging Strike 0-1: Ball 1-1: Fly out, F8 (Flyball, 8RXD, EV 103.8 MPH)
|
|
Batting: RHB Yuichi Takata
|
0-0: Foul Ball, location: 2F 0-1: Ball 1-1: Ball 2-1: Ball 3-1: Foul Ball, location: 2F 3-2: Ground out 1-3 (Groundball, 15S, EV 65.0 MPH)
|
|
Batting: RHB Jason Birge
|
0-0: Called Strike 0-1: Ground out 4-3 (Groundball, 4MS, EV 71.9 MPH)
|
| Top of the 3rd over - 0 runs, 0 hits, 0 errors, 0 left on base; Omaha 0 - Durham 0 |
| BOTTOM OF THE 3RD |
|
Durham Bulls batting - Pitching for Omaha Storm Chasers : RHP Matthew Orphan
|
|
Batting: LHB Danny Hull
|
0-0: Called Strike 0-1: Ground out 4-3 (Groundball, 4, EV 85.0 MPH)
|
|
Batting: RHB Sesto Carpini
|
0-0: Ball 1-0: Ball 2-0: Ball 3-0: Called Strike 3-1: Foul Ball, location: 2F 3-2: Base on Balls
|
|
Batting: RHB Jose Arriola
|
0-0: Foul Ball, location: 2F Pickoff Throw to First - Out! 1-3 CS 0-1: Ball 1-1: Ball 2-1: Ball 3-1: Ground out 6-3 (Groundball, 6, EV 105.0 MPH)
|
| Bottom of the 3rd over - 0 runs, 0 hits, 0 errors, 0 left on base; Omaha 0 - Durham 0 |
| TOP OF THE 4TH |
|
Omaha Storm Chasers batting - Pitching for Durham Bulls : RHP Miguel Romero
|
|
Batting: RHB Kevin Wimberly
|
0-0: Ball 1-0: Ball 2-0: Ball 3-0: Base on Balls
|
|
Batting: SHB Ryoji Hiraoka
|
0-0: Ball 1-0: Ball 2-0: Ball 3-0: Base on Balls Kevin Wimberly to second
|
|
Batting: LHB Bill Baconneck
|
0-0: Ball 1-0: Foul Ball, location: 2F 1-1: Called Strike 1-2: DOUBLE (Flyball, 78XD, EV 96.2 MPH) Kevin Wimberly scores Ryoji Hiraoka to third
|
|
Batting: RHB Kazuki Arai
|
0-0: Ball 1-0: Fly out, F8 (Flyball, 8RS, EV 89.4 MPH)
|
|
Batting: SHB Mike Williams
|
0-0: Ball 1-0: Foul Ball, location: 2F 1-1: Fly out, F7 (Flyball, 7LSF, EV 91.9 MPH)
|
|
Batting: RHB Taisei Fujii
|
0-0: Ball 1-0: Ball 2-0: SINGLE (Groundball, 6S, EV 73.1 MPH) (infield hit) Ryoji Hiraoka scores Bill Baconneck to third
|
|
Batting: SHB Bill Ertl
|
0-0: Called Strike 0-1: Ground out 4-3 (Groundball, 4, EV 90.0 MPH)
|
| Top of the 4th over - 2 runs, 2 hits, 0 errors, 2 left on base; Omaha 2 - Durham 0 |
| BOTTOM OF THE 4TH |
|
Durham Bulls batting - Pitching for Omaha Storm Chasers : RHP Matthew Orphan
|
|
Batting: LHB Darryl Gonnella
|
0-0: Fly out, F8 (Flyball, 8RD, EV 101.2 MPH)
|
|
Batting: RHB James Huddleston
|
0-0: Called Strike 0-1: Ground out 6-3 (Groundball, 6, EV 91.2 MPH)
|
|
Batting: LHB Davion Lewis
|
0-0: Ball 1-0: Foul Ball, location: 2F 1-1: Ground out 4-3 (Groundball, 4, EV 95.0 MPH)
|
| Bottom of the 4th over - 0 runs, 0 hits, 0 errors, 0 left on base; Omaha 2 - Durham 0 |
| TOP OF THE 5TH |
|
Omaha Storm Chasers batting - Pitching for Durham Bulls : RHP Miguel Romero
|
|
Batting: RHB Yuichi Takata
|
0-0: Called Strike 0-1: Ball 1-1: Fly out, F8 (Flyball, 78M, EV 93.8 MPH)
|
|
Batting: RHB Jason Birge
|
0-0: Ball 1-0: Ball 2-0: Ball 3-0: Base on Balls
|
|
Batting: RHB Kevin Wimberly
|
0-0: Ball 1-0: Ball 2-0: Grounds into double play, 3-6-1 (Groundball, 34, EV 110.0 MPH)
|
| Top of the 5th over - 0 runs, 0 hits, 0 errors, 0 left on base; Omaha 2 - Durham 0 |
| BOTTOM OF THE 5TH |
|
Durham Bulls batting - Pitching for Omaha Storm Chasers : RHP Matthew Orphan
|
|
Batting: RHB Chris Thorson
|
0-0: Foul Ball, location: 2F 0-1: Swinging Strike 0-2: Ball 1-2: Ground out 6-3 (Groundball, 6, EV 85.0 MPH)
|
|
Batting: SHB Julio Hernandez
|
0-0: Ground out 4-3 (Groundball, 4, EV 104.4 MPH)
|
|
Batting: RHB Roberto Aispuro
|
0-0: Ball 1-0: Ball 2-0: Ball 3-0: Called Strike 3-1: Base on Balls
|
|
Batting: LHB Danny Hull
|
0-0: Ball 1-0: SINGLE (Groundball, 4MD, EV 101.2 MPH) Roberto Aispuro to second
|
|
Batting: RHB Sesto Carpini
|
0-0: Called Strike 0-1: Foul Ball, location: 2F 0-2: Strikes out looking
|
| Bottom of the 5th over - 0 runs, 1 hit, 0 errors, 2 left on base; Omaha 2 - Durham 0 |
| TOP OF THE 6TH |
|
Omaha Storm Chasers batting - Pitching for Durham Bulls : RHP Miguel Romero
|
|
Batting: SHB Ryoji Hiraoka
|
0-0: Called Strike 0-1: Fly out, F7 (Flyball, 7S, EV 91.9 MPH)
|
|
Batting: LHB Bill Baconneck
|
0-0: Ball 1-0: Foul Ball, location: 2F 1-1: Fly out, F1 (Line Drive, P, EV 70.0 MPH)
|
|
Batting: RHB Kazuki Arai
|
0-0: Swinging Strike 0-1: Ground out 4-3 (Groundball, 4D, EV 101.9 MPH)
|
| Top of the 6th over - 0 runs, 0 hits, 0 errors, 0 left on base; Omaha 2 - Durham 0 |
| BOTTOM OF THE 6TH |
|
Durham Bulls batting - Pitching for Omaha Storm Chasers : RHP Matthew Orphan
|
|
Batting: RHB Jose Arriola
|
0-0: Called Strike 0-1: Swinging Strike 0-2: Fly out, F9 (Flyball, 9LSF, EV 86.2 MPH)
|
|
Batting: LHB Darryl Gonnella
|
0-0: TRIPLE (Flyball, 9LD, EV 96.9 MPH)
|
|
Batting: RHB James Huddleston
|
0-0: Fly out, F4 (Line Drive, 4M, EV 65.6 MPH)
|
|
Batting: LHB Davion Lewis
|
0-0: Foul Ball, location: 2F 0-1: Ball 1-1: Ground out U3 (Groundball, 34, EV 97.5 MPH)
|
| Bottom of the 6th over - 0 runs, 1 hit, 0 errors, 1 left on base; Omaha 2 - Durham 0 |
| TOP OF THE 7TH |
|
Omaha Storm Chasers batting - Pitching for Durham Bulls : RHP Miguel Romero
|
|
Batting: SHB Mike Williams
|
0-0: Called Strike 0-1: Foul Ball, location: 2F 0-2: Foul Ball, location: 2F 0-2: Foul Ball, location: 2F 0-2: Ball 1-2: SOLO HOME RUN (Flyball, 89XD, EV 103.1 MPH), Distance : 415 ft
|
|
Batting: RHB Taisei Fujii
|
0-0: Foul Ball, location: 2F 0-1: Ground out 6-3 (Groundball, 6, EV 85.0 MPH)
|
|
Batting: SHB Bill Ertl
|
0-0: Called Strike 0-1: Ball 1-1: Foul Ball, location: 2F 1-2: Ball 2-2: Ball 3-2: Strikes out swinging
|
|
Batting: RHB Yuichi Takata
|
0-0: Ball 1-0: Fly out, F7 (Flyball, 7LSF, EV 89.4 MPH)
|
| Top of the 7th over - 1 run, 1 hit, 0 errors, 0 left on base; Omaha 3 - Durham 0 |
| BOTTOM OF THE 7TH |
|
Durham Bulls batting - Pitching for Omaha Storm Chasers : RHP Matthew Orphan
|
|
Batting: RHB Chris Thorson
|
0-0: Foul Ball, location: 2F 0-1: Ball 1-1: Foul Ball, location: 2F 1-2: Ground out 5-3 (Groundball, 56, EV 91.2 MPH)
|
|
Batting: SHB Julio Hernandez
|
0-0: Ball 1-0: Swinging Strike 1-1: Swinging Strike 1-2: Ball 2-2: Foul Ball, location: 2F 2-2: SINGLE (Groundball, 34D, EV 101.9 MPH) (infield hit)
|
|
Batting: RHB Roberto Aispuro
|
0-0: DOUBLE (Line Drive, 78M, EV 106.2 MPH) Julio Hernandez to third Runner from 3rd tries for Home, SAFE, throw by LF to home
|
|
Batting: LHB Danny Hull
|
0-0: Swinging Strike 0-1: Swinging Strike 0-2: Foul Ball, location: 2F 0-2: Ball 1-2: Strikes out looking
|
|
Pinch Hitting: LHB Eric Toney
|
0-0: Foul Ball, location: 2F 0-1: Called Strike 0-2: Strikes out swinging
|
| Bottom of the 7th over - 1 run, 2 hits, 0 errors, 1 left on base; Omaha 3 - Durham 1 |
| TOP OF THE 8TH |
|
Omaha Storm Chasers batting - Pitching for Durham Bulls : RHP Miguel Romero
|
|
Now at 2B: Helmut Steggall
|
|
|
Batting: RHB Jason Birge
|
0-0: Called Strike 0-1: Ball 1-1: Foul Ball, location: 2F 1-2: Ball 2-2: Strikes out looking
|
|
Batting: RHB Kevin Wimberly
|
0-0: Ball 1-0: Fly out, F8 (Line Drive, 8LM, EV 92.5 MPH)
|
|
Batting: SHB Ryoji Hiraoka
|
0-0: Foul Ball, location: 2F 0-1: Foul Ball, location: 2F 0-2: Ball 1-2: Ball 2-2: Strikes out swinging
|
| Top of the 8th over - 0 runs, 0 hits, 0 errors, 0 left on base; Omaha 3 - Durham 1 |
| BOTTOM OF THE 8TH |
|
Durham Bulls batting - Pitching for Omaha Storm Chasers : RHP Matthew Orphan
|
|
Batting: RHB Jose Arriola
|
0-0: Ball 1-0: Fly out, F8 (Flyball, 8RD, EV 96.2 MPH)
|
|
Batting: LHB Darryl Gonnella
|
0-0: Ground out U3 (Groundball, 3, EV 83.8 MPH)
|
|
Batting: RHB James Huddleston
|
0-0: Swinging Strike 0-1: Ball 1-1: Ball 2-1: Fly out, F8 (Flyball, 78M, EV 90.6 MPH)
|
| Bottom of the 8th over - 0 runs, 0 hits, 0 errors, 0 left on base; Omaha 3 - Durham 1 |
| TOP OF THE 9TH |
|
Omaha Storm Chasers batting - Pitching for Durham Bulls : RHP Miguel Romero
|
|
Batting: LHB Bill Baconneck
|
0-0: Ball 1-0: Foul Ball, location: 2F 1-1: Ball 2-1: Foul Ball, location: 2F 2-2: Ball 3-2: Foul Ball, location: 2F 3-2: SINGLE (Groundball, 4S, EV 71.2 MPH) (infield hit)
|
|
Pitching: LHP Sam Wesman
|
|
|
Batting: RHB Kazuki Arai
|
0-0: Ball 1-0: Ball 2-0: Ball 3-0: Called Strike 3-1: Base on Balls Bill Baconneck to second
|
|
Batting: SHB Mike Williams
|
0-0: Foul Ball, location: 2F 0-1: Fielders Choice at 2nd, 3-6 (Groundball, 34, EV 80.6 MPH) Bill Baconneck to third
|
|
Batting: RHB Taisei Fujii
|
0-0: Called Strike Mike Williams steals 2nd base 0-1: Called Strike 0-2: Ball 1-2: Ball 2-2: Ball 3-2: Intentional Walk
|
|
Batting: SHB Bill Ertl
|
0-0: Ball 1-0: Grounds into fielders choice 4-2 (Groundball, 4, EV 85.0 MPH) Mike Williams to third Taisei Fujii to second
|
|
Batting: RHB Yuichi Takata
|
0-0: Fielders Choice at 2nd, 6-4 (Groundball, 56, EV 106.9 MPH)
|
| Top of the 9th over - 0 runs, 1 hit, 0 errors, 3 left on base; Omaha 3 - Durham 1 |
| BOTTOM OF THE 9TH |
|
Durham Bulls batting - Pitching for Omaha Storm Chasers : RHP Matthew Orphan
|
|
Pitching: RHP Gan Ts'ong
|
|
|
Batting: LHB Davion Lewis
|
0-0: SINGLE (Groundball, 6, EV 96.9 MPH)
|
|
Batting: RHB Chris Thorson
|
0-0: Ball 1-0: Foul Ball, location: 2F 1-1: SINGLE (Line Drive, 6M, EV 99.4 MPH) Davion Lewis to second
|
|
Batting: SHB Julio Hernandez
|
0-0: Called Strike 0-1: Ball 1-1: Ball 2-1: Foul Ball, location: 2F 2-2: Ball 3-2: Strikes out swinging
|
|
Batting: RHB Roberto Aispuro
|
0-0: Ball 1-0: Called Strike 1-1: Foul Ball, location: 2F 1-2: Foul Ball, location: 2F 1-2: Foul Ball, location: 2F 1-2: Grounds into double play, 5-4-3 (Groundball, 5, EV 108.8 MPH)
|
| Bottom of the 9th over - 0 runs, 2 hits, 0 errors, 1 left on base; Omaha 3 - Durham 1 |
|